[ AOE2 MATCH · #513897062 ]
UnrankedMongols vs Maya
Player's team · LOSS
Rival team · WIN
[ REPLAY ANALYSIS · EXTRACTED FROM THE RECORDED GAME ]
Feudal
10:59
Castle
—
Imperial
—
| APM avg | 57.8 |
| APM peak | 87 |
| eAPM avg | 18.8 |
| Villagers / military | 47 / 29 |
Focus
⚔️ 41.9% · 🌾 58.1%
Skirmisher ×15 · Archer ×14
Feudal
11:06
Castle
23:26
Imperial
—
| APM avg | 44.1 |
| APM peak | 72 |
| eAPM avg | 21.1 |
| Villagers / military | 43 / 48 |
Focus
⚔️ 36.0% · 🌾 64.0%
Archer ×44 · Spearman ×4
Match map
Initial resources + every placement click. Lines = walls · curves = elevation contours. ◆ gold · ⬟ stone · ● berries · ✦ relic · ◌ wall gap
Your base· Open — unwalled flank
Arlechinno's base· Open — unwalled flank
Smoothed initial terrain · ◌ = detected wall gap · hover for details
Inputs per minute
— Portugeezer3 - - Arlechinno
Build order — Portugeezer3
110 actions detected in the replay
| 0:01 | Queue | Villager (Male) |
| 0:02 | Build | House |
| 0:03 | Build | House |
| 0:27 | Queue | Villager (Male) ×3 |
| 0:42 | Research | Loom |
| 0:43 | Queue | Villager (Male) |
| 0:45 | Queue | Villager (Male) |
| 1:48 | Queue | Villager (Male) |
| 1:49 | Queue | Villager (Male) |
| 2:34 | Queue | Villager (Male) |
| 3:01 | Build | House |
| 3:03 | Queue | Villager (Male) |
| 3:40 | Queue | Villager (Male) ×2 |
| 4:43 | Queue | Villager (Male) |
| 5:13 | Queue | Villager (Male) |
| 5:13 | Queue | Villager (Male) |
| 5:15 | Build | Mill |
| 5:26 | Queue | Villager (Male) |
| 5:27 | Queue | Villager (Male) |
| 6:14 | Queue | Villager (Male) |
| 6:19 | Queue | Villager (Male) ×3 |
| 6:31 | Queue | Villager (Male) ×2 |
| 6:43 | Queue | Villager (Male) |
| 7:13 | Queue | Villager (Male) |
| 7:55 | Queue | Villager (Male) |
| 8:14 | Build | House |
| 8:20 | Build | Lumber Camp |
| 8:22 | Queue | Villager (Male) |
| 8:49 | Research | Feudal Age |
| 9:50 | Build | Barracks |
| 10:42 | Build | Mining Camp |
| 10:59 | Age | Feudal Age |
| 11:20 | Queue | Villager (Male) |
| 11:37 | Build | Archery Range |
| 11:40 | Queue | Villager (Male) |
| 12:10 | Queue | Villager (Male) |
| 12:19 | Queue | Archer |
| 12:24 | Build | House |
| 12:31 | Queue | Villager (Male) |
| 12:48 | Build | Palisade Wall |
| 12:49 | Queue | Villager (Male) |
| 12:59 | Build | Palisade Wall |
| 13:07 | Queue | Archer |
| 13:09 | Queue | Villager (Male) |
| 13:12 | Research | Double-Bit Axe |
| 13:37 | Queue | Skirmisher |
| 13:39 | Queue | Villager (Male) |
| 13:54 | Build | Palisade Gate |
| 13:56 | Queue | Archer |
| 14:01 | Build | Palisade Gate |
| 14:23 | Queue | Skirmisher |
| 14:36 | Queue | Villager (Male) |
| 14:42 | Build | Mill |
| 14:45 | Build | House |
| 14:49 | Build | House |
| 15:01 | Build | Blacksmith |
| 15:26 | Queue | Villager (Male) |
| 15:26 | Queue | Villager (Male) |
| 15:41 | Research | Padded Archer Armor |
| 15:46 | Build | Farm |
| 15:47 | Build | Farm |
| 15:55 | Queue | Skirmisher |
| 16:00 | Research | Fletching |
| 16:01 | Queue | Villager (Male) |
| 16:11 | Build | Farm |
| 16:18 | Queue | Villager (Male) |
| 16:29 | Build | House |
| 16:31 | Queue | Archer |
| 16:43 | Queue | Archer |
| 17:03 | Queue | Villager (Male) |
| 17:16 | Build | Archery Range |
| 17:23 | Queue | Archer |
| 17:23 | Queue | Skirmisher |
| 18:06 | Queue | Skirmisher |
| 18:11 | Queue | Skirmisher |
| 18:12 | Build | House |
| 18:13 | Build | Palisade Wall |
| 18:15 | Build | Palisade Gate |
| 18:17 | Build | Palisade Wall |
| 18:19 | Build | Palisade Wall |
| 18:28 | Build | Watch Tower |
| 18:55 | Queue | Villager (Male) |
| 18:56 | Queue | Villager (Male) |
| 19:00 | Queue | Archer |
| 19:00 | Queue | Skirmisher |
| 19:46 | Queue | Archer |
| 19:46 | Queue | Skirmisher |
| 20:03 | Queue | Archer |
| 20:03 | Queue | Skirmisher |
| 20:32 | Queue | Villager (Male) |
| 20:39 | Build | Market |
| 20:44 | Queue | Archer |
| 20:44 | Queue | Skirmisher |
| 21:18 | Queue | Skirmisher |
| 21:18 | Queue | Skirmisher |
| 21:30 | Queue | Archer |
| 21:48 | Queue | Archer |
| 21:48 | Queue | Skirmisher |
| 22:20 | Queue | Villager (Male) |
| 22:25 | Queue | Villager (Male) |
| 22:25 | Queue | Villager (Male) |
| 23:06 | Build | Archery Range |
| 23:09 | Build | Farm |
| 23:11 | Queue | Villager (Male) |
| 23:20 | Queue | Archer |
| 23:20 | Queue | Skirmisher |
| 23:42 | Build | Farm |
| 23:45 | Queue | Archer |
| 23:45 | Queue | Skirmisher |
| 23:59 | Build | Farm |
Build order — Arlechinno
First 150 of 166 actions detected
| 0:00 | Research | Loom |
| 0:02 | Build | House |
| 0:04 | Build | House |
| 0:12 | Queue | Villager (Male) |
| 0:12 | Queue | Villager (Male) |
| 0:12 | Queue | Villager (Male) |
| 1:42 | Queue | Villager (Male) |
| 1:50 | Build | Lumber Camp |
| 2:04 | Queue | Villager (Male) |
| 2:24 | Queue | Villager (Male) |
| 2:59 | Queue | Villager (Male) |
| 3:20 | Queue | Villager (Male) |
| 3:53 | Queue | Villager (Male) |
| 3:57 | Queue | Villager (Male) |
| 3:59 | Build | House |
| 4:27 | Queue | Villager (Male) |
| 4:49 | Build | Palisade Wall |
| 4:51 | Build | Palisade Wall |
| 4:51 | Build | Palisade Wall |
| 4:52 | Build | Palisade Wall |
| 4:55 | Queue | Villager (Male) |
| 5:14 | Build | Palisade Wall |
| 5:17 | Build | Palisade Wall |
| 5:19 | Build | Palisade Wall |
| 5:27 | Queue | Villager (Male) |
| 5:38 | Build | House |
| 5:53 | Queue | Villager (Male) |
| 6:26 | Queue | Villager (Male) |
| 6:29 | Build | Mill |
| 6:44 | Queue | Villager (Male) |
| 6:54 | Queue | Villager (Male) |
| 7:33 | Queue | Villager (Male) |
| 7:51 | Build | House |
| 7:55 | Queue | Villager (Male) |
| 8:25 | Queue | Villager (Male) |
| 8:50 | Research | Feudal Age |
| 8:58 | Build | Mining Camp |
| 9:34 | Build | Barracks |
| 9:40 | Build | Barracks |
| 9:45 | Build | Barracks |
| 9:54 | Build | Palisade Wall |
| 9:55 | Build | Palisade Wall |
| 9:56 | Build | Palisade Wall |
| 10:45 | Build | Palisade Wall |
| 10:48 | Queue | Villager (Male) |
| 10:54 | Build | Palisade Wall |
| 10:59 | Build | Palisade Wall |
| 11:04 | Build | Palisade Wall |
| 11:06 | Age | Feudal Age |
| 11:19 | Queue | Villager (Male) |
| 11:20 | Research | Double-Bit Axe |
| 11:25 | Build | Palisade Wall |
| 11:27 | Build | Palisade Wall |
| 11:28 | Build | Palisade Wall |
| 11:32 | Build | Archery Range |
| 11:36 | Build | Palisade Wall |
| 11:37 | Build | Palisade Wall |
| 11:46 | Queue | Villager (Male) |
| 11:52 | Queue | Villager (Male) |
| 12:05 | Queue | Villager (Male) |
| 12:11 | Build | Archery Range |
| 12:14 | Build | Farm |
| 12:29 | Build | Farm |
| 12:32 | Queue | Archer |
| 12:38 | Queue | Spearman |
| 12:48 | Queue | Villager (Male) |
| 12:49 | Build | Farm |
| 13:06 | Queue | Archer |
| 13:12 | Build | House |
| 13:19 | Build | House |
| 13:26 | Queue | Archer |
| 13:32 | Queue | Spearman |
| 13:53 | Build | Blacksmith |
| 14:02 | Queue | Archer |
| 14:08 | Queue | Villager (Male) |
| 14:26 | Queue | Archer |
| 14:27 | Queue | Villager (Male) |
| 14:38 | Research | Fletching |
| 14:39 | Queue | Villager (Male) |
| 14:40 | Build | Farm |
| 14:42 | Build | Farm |
| 14:42 | Build | Farm |
| 14:45 | Queue | Archer |
| 14:52 | Queue | Archer |
| 15:25 | Queue | Archer |
| 15:25 | Queue | Villager (Male) |
| 15:25 | Queue | Villager (Male) |
| 15:26 | Queue | Archer |
| 15:30 | Build | Farm |
| 15:31 | Build | Farm |
| 15:40 | Build | House |
| 15:45 | Queue | Spearman |
| 15:50 | Build | Farm |
| 16:00 | Queue | Archer |
| 16:04 | Build | House |
| 16:15 | Queue | Archer |
| 16:16 | Queue | Villager (Male) |
| 16:30 | Queue | Archer |
| 16:37 | Build | House |
| 16:54 | Queue | Archer |
| 16:56 | Queue | Villager (Male) |
| 16:56 | Queue | Villager (Male) |
| 16:57 | Queue | Villager (Male) |
| 16:58 | Build | Farm |
| 17:08 | Queue | Archer |
| 17:21 | Queue | Archer |
| 17:22 | Queue | Villager (Male) |
| 17:35 | Queue | Archer |
| 17:55 | Queue | Villager (Male) |
| 18:14 | Queue | Archer |
| 18:14 | Queue | Archer |
| 18:15 | Queue | Villager (Male) |
| 18:18 | Build | Farm |
| 18:18 | Build | Farm |
| 18:18 | Build | Farm |
| 19:01 | Queue | Archer |
| 19:01 | Queue | Archer |
| 19:02 | Queue | Villager (Male) |
| 19:05 | Build | House |
| 19:05 | Build | House |
| 19:05 | Build | House |
| 19:21 | Research | Wheelbarrow |
| 19:23 | Build | Farm |
| 19:28 | Build | House |
| 19:29 | Build | Palisade Wall |
| 19:55 | Queue | Archer |
| 20:08 | Queue | Archer |
| 20:16 | Queue | Spearman |
| 20:46 | Research | Castle Age |
| 20:47 | Queue | Archer |
| 20:47 | Queue | Archer |
| 20:53 | Build | Archery Range |
| 21:13 | Queue | Archer |
| 21:16 | Research | Padded Archer Armor |
| 21:39 | Queue | Archer |
| 21:39 | Queue | Archer |
| 21:48 | Build | House |
| 21:48 | Build | House |
| 21:49 | Queue | Archer |
| 21:49 | Queue | Archer |
| 22:28 | Queue | Archer |
| 22:29 | Queue | Archer |
| 22:36 | Queue | Archer |
| 22:36 | Queue | Archer |
| 22:42 | Queue | Archer |
| 22:46 | Research | Gold Mining |
| 22:47 | Queue | Villager (Male) |
| 23:00 | Build | Palisade Gate |
| 23:05 | Queue | Archer |
| 23:05 | Queue | Archer |
Match timeline
| 4:49 | Arlechinno · wall_segment Palisade Wall x1 |
| 4:51 | Arlechinno · wall_segment Palisade Wall x1 |
| 4:51 | Arlechinno · wall_segment Palisade Wall x1 |
| 4:52 | Arlechinno · wall_segment Palisade Wall x1 |
| 5:14 | Arlechinno · wall_segment Palisade Wall x1 |
| 5:17 | Arlechinno · wall_segment Palisade Wall x1 |
| 5:19 | Arlechinno · wall_segment Palisade Wall x1 |
| 9:34 | Arlechinno · first_building Barracks |
| 9:50 | Portugeezer3 · first_building Barracks |
| 9:54 | Arlechinno · wall_segment Palisade Wall x1 |
| 9:55 | Arlechinno · wall_segment Palisade Wall x1 |
| 9:56 | Arlechinno · wall_segment Palisade Wall x1 |
| 10:45 | Arlechinno · wall_segment Palisade Wall x1 |
| 10:54 | Arlechinno · wall_segment Palisade Wall x1 |
| 10:59 | Portugeezer3 · age_up feudal |
| 10:59 | Arlechinno · wall_segment Palisade Wall x1 |
| 11:04 | Arlechinno · wall_segment Palisade Wall x1 |
| 11:06 | Arlechinno · age_up feudal |
| 11:25 | Arlechinno · wall_segment Palisade Wall x1 |
| 11:27 | Arlechinno · wall_segment Palisade Wall x1 |
| 11:28 | Arlechinno · wall_segment Palisade Wall x1 |
| 11:32 | Arlechinno · first_building Archery Range |
| 11:36 | Arlechinno · wall_segment Palisade Wall x1 |
| 11:37 | Portugeezer3 · first_building Archery Range |
| 11:37 | Arlechinno · wall_segment Palisade Wall x1 |
| 12:48 | Portugeezer3 · wall_segment Palisade Wall x1 |
| 12:59 | Portugeezer3 · wall_segment Palisade Wall x10 |
| 18:13 | Portugeezer3 · wall_segment Palisade Wall x1 |
| 18:17 | Portugeezer3 · wall_segment Palisade Wall x1 |
| 18:19 | Portugeezer3 · wall_segment Palisade Wall x4 |
| 19:29 | Arlechinno · wall_segment Palisade Wall x11 |
| 22:52 | Portugeezer3 · first_market_buy 100 food |
| 23:26 | Arlechinno · age_up castle |
| 23:32 | Portugeezer3 · first_market_sell 100 wood |
| 24:16 | Arlechinno · first_building Siege Workshop |
| 24:58 | Portugeezer3 · resign |
[ AI ANALYSIS · 1 CREDIT ]
What really happened in this match?
Wolo.gg analyzes every decision: build order, eco, micro, common mistakes by bracket. Personalized analysis on WhatsApp or Discord in 30 seconds.
Civ guide
Mongols
Perfil
Jugador #25507933